 Dungeon Crawl Stone Soup version 0.27.1-4-g1640c2035a (webtiles) character file.

Game seed: 5730892198672144874

977 BOMJPIETVODKU the Magician (level 7, 0/57 HPs)
             Began as a Black Draconian Fire Elementalist on Nov 2, 2021.
             Succumbed to a water moccasin's poison
             ... on level 5 of the Dungeon.
             The game lasted 00:15:08 (5706 turns).

BOMJPIETVODKU the Magician (DrFE)                   Turns: 5706, Time: 00:15:09

Health: 0/57       AC:  7    Str:  7 (10) XL:     7   Next: 95%
Magic:  15/15      EV: 12    Int: 15 (17) God:
Gold:   171        SH:  5    Dex: 12      Spells: 16/17 levels left

rFire    . . .     SeeInvis .   e - +2 dagger (protect)
rCold    . . .     Faith    .   (no shield)
rNeg     . . .     Spirit   .   (armour unavailable)
rPois    .         Reflect  +   (helmet restricted)
rElec    +         Harm     .   (no cloak)
rCorr    .         Rampage  .   o - +0 pair of gloves
Will     .....                  (no boots)
Stlth    ++........             j - amulet of reflection
HPRegen  0.19/turn              (no ring)
MPRegen  0.14/turn              (no ring)

@: lethally poisoned (0 -> -6)
A: breathe lightning, AC +6, unfitting armour, electricity resistance,
cold-blooded
a: Breathe Lightning


You were on level 5 of the Dungeon.
You visited 1 branch of the dungeon, and saw 5 of its levels.

You collected 171 gold pieces.

Inventory:

Hand Weapons
 d - a +0 spear of freezing
 e - a +2 dagger of protection (weapon)
Missiles
 h - 36 poisoned darts
Armour
 a - a +0 buckler
 o - a +0 pair of gloves (worn)
Jewellery
 j - an amulet of reflection (around neck)
 l - an amulet of faith
Wands
 p - a wand of acid (10)
Scrolls
 m - a scroll of vulnerability


   Skills:
 * Level 3.6 Fighting
 - Level 1.7 Dodging
 - Level 1.7 Stealth
 + Level 1.2 Shields
 * Level 5.8 Spellcasting
 + Level 3.6 Conjurations
 + Level 5.2 Fire Magic


You had 16 spell levels left.
You knew the following spells:

 Your Spells              Type           Power      Damage    Failure   Level
a - Foxfire               Conj/Fire      68%        2x1d7     2%          1

Your spell library contained the following spells:

 Spells                   Type           Power      Damage    Failure   Level
 Conjure Flame            Conj/Fire      17%        6-21      8%          3
 Animate Skeleton         Necr           8%         N/A       16%         1
 Beastly Appendage        Tmut           8%         N/A       16%         1
 Summon Small Mammal      Summ           16%        N/A       16%         1
 Inner Flame              Hex/Fire       12%        N/A       16%         3
 Wereblood                Tmut           4%         N/A       22%         2
 Sticky Flame             Conj/Fire      17%        2d4       24%         4
 Call Canine Familiar     Summ           4%         N/A       41%         3
 Spider Form              Tmut/Pois      2%         N/A       41%         3
 Summon Guardian Golem    Hex/Summ       4%         N/A       41%         3
 Fireball                 Conj/Fire      8%         3d6       56%         5


Dungeon Overview and Level Annotations

Branches:
Dungeon (5/15)
 Temple: D:4-7

Altars:
Elyvilon
Fedhas
Kikubaaqudgha
Makhleb
Yredelemnul


Innate Abilities, Weirdness & Mutations

You can breathe wild blasts of lightning.
Your glossy black scales are hard. (AC +6)
You cannot fit into any form of body armour.
You are resistant to electric shocks. (rElec)
You are cold-blooded and may be slowed by cold attacks.


Message History

Your weapon exudes an aura of protection.
The water moccasin is lightly wounded.
The water moccasin barely misses you.
You hit the water moccasin.
The water moccasin is lightly wounded.
The water moccasin closely misses you.
The water moccasin bites you but does no damage.
You miss the water moccasin.
Your tail-slap misses the water moccasin.
The water moccasin is lightly wounded.
The water moccasin closely misses you.
You hit the water moccasin. You tail-slap the water moccasin.
The water moccasin is moderately wounded.
The water moccasin bites you but does no damage.
The water moccasin bites you.
* * * LOW HITPOINT WARNING * * *
You are lethally poisoned!
The water moccasin poisons you!
You closely miss the water moccasin.
Your tail-slap misses the water moccasin.
The water moccasin is lightly wounded.
* * * LOW HITPOINT WARNING * * *
You feel very sick. The water moccasin bites you.
* * * LOW HITPOINT WARNING * * *
Unknown command.
You barely miss the water moccasin.
Your tail-slap misses the water moccasin.
The water moccasin is lightly wounded.
* * * LOW HITPOINT WARNING * * *
You feel very sick. The water moccasin closely misses you.
You barely miss the water moccasin.
The water moccasin is lightly wounded.
* * * LOW HITPOINT WARNING * * *
You feel sick. You block the water moccasin's attack.
The water moccasin completely misses you.
You closely miss the water moccasin. You tail-slap the water moccasin.
The water moccasin is moderately wounded.
You die...

#.##.######.#.#.#
#.##r######.#.#.#
#.............#.)
####.g.#...)..rg.
##....###.####
#..#.# ### #
#..#.#
#######r.#.#
#.@Ss5gor..#
#########..###.###
#...............
#.###########...
#.# #.#
#.########## ..
#.##.......# ..
#.##.......# ##


You could see a water moccasin, a scorpion, a gnoll, a river rat, a white imp,
an orc and a rat.

Vanquished Creatures
  2 sky beasts (D:5)
  A necrophage (D:5)
  2 centaurs
  A phantom (D:4)
  A water moccasin skeleton (D:2)
  3 hounds
  A bullfrog skeleton (D:5)
  3 orc priests
  An orc wizard (D:4)
  An iguana (D:5)
  A gnoll (D:5)
  6 adders
  An adder skeleton (D:4)
  A dart slug (D:3)
  17 orcs
  4 ball pythons
  6 endoplasms
  4 giant cockroaches
  10 goblins
  3 hobgoblins
  8 quokkas
  7 bats
  3 frilled lizards (D:1)
  6 kobolds
  7 rats
  2 foxfires (D:5)
102 creatures vanquished.

Vanquished Creatures (collateral kills)
  A foxfire (D:3)
1 creature vanquished.

Vanquished Creatures (others)
  A kobold (D:5)
  469 foxfires
470 creatures vanquished.

Grand Total: 573 creatures vanquished

Notes
Turn   | Place    | Note
-------+----------+-------------------------------------------
     0 | D:1      | BOMJPIETVODKU the Draconian Fire Elementalist began the
                  | quest for the Orb.
     0 | D:1      | Reached XP level 1. HP: 14/14 MP: 3/3
   505 | D:1      | Reached XP level 2. HP: 22/22 MP: 0/5
  1303 | D:2      | Reached XP level 3. HP: 14/27 MP: 1/6
  1624 | D:2      | Reached skill level 1 in Fighting
  1624 | D:2      | Reached XP level 4. HP: 35/35 MP: 0/8
  1882 | D:2      | Found a burning altar of Makhleb.
  2785 | D:3      | Found a basalt altar of Yredelemnul.
  2804 | D:3      | Found a faded altar of an unknown god.
  2822 | D:3      | Got Plato's Almanac of Unholy Secrets
  3072 | D:3      | Reached XP level 5. HP: 27/41 MP: 6/10
  3670 | D:3      | Found a white marble altar of Elyvilon.
  4080 | D:4      | Noticed a phantom
  4095 | D:4      | Killed a phantom
  4096 | D:4      | Reached XP level 6. HP: 29/48 MP: 0/12
  5004 | D:5      | Entered Level 5 of the Dungeon
  5019 | D:5      | Reached skill level 5 in Spellcasting
  5019 | D:5      | Your scales start taking on a glossy black colour.
  5019 | D:5      | Reached XP level 7. HP: 56/56 MP: 0/14
  5019 | D:5      | Gained mutation: You are resistant to electric shocks.
                  | (rElec) [Black Draconian growth]
  5071 | D:5      | Found a blossoming altar of Fedhas.
  5086 | D:5      | Noticed a kobold demonologist
  5249 | D:5      | Reached skill level 5 in Fire Magic
  5499 | D:5      | Found an ancient bone altar of Kikubaaqudgha.
  5542 | D:5      | Reached skill level 1 in Shields
  5704 | D:5      | HP: 2/57 [poisoned by a water moccasin]
  5706 | D:5      | Succumbed to a water moccasin's poison

Illustrated notes

Levels and vault maps discovered:
D:1:      dpeg_arrival_tiny_g, layout_basic
D:2:      layout_basic, basic_altar, minmay_misc_feat_five, st_stairs_5,
          minmay_misc_feat_more_columns, grunt_ministairs_8
D:3:      cheibrodos_helix_gallery, layout_rooms, old_standard_altar,
          elyvilon_altar_3, shapermc_ecumenical_altar_rom_forum,
          chequers_serial_rivers_large_a
D:4:      layout_rooms, kennysheep_doodads, ebering_dispersal_statue_hall
D:5:      layout_basic, kiku_gazebo_pond_becter, fedhas_altar_2,
          gup_sewer_entry_bowl

Skill      XL: |  1  2  3  4  5  6  7 |
---------------+----------------------+-----
Fighting       | 1 2 3 |  3.6
Spellcasting   | 3 4 5 |  5.8
Conjurations   | 2 3 |  3.6
Fire Magic     | 4 5 |  5.2
Shields        | 1 |  1.2
Dodging        | |  1.7
Stealth        | |  1.7

Action                   |  1- 3 |  4- 6 |  7- 9 || total
-------------------------+-------+-------+-------++-------
Melee: Unarmed           |    12 |       |       ||    12
       Tailslap          |     1 |     1 |    10 ||    12
       Spear             |     1 |       |       ||     1
       Dagger            |    20 |    17 |    90 ||   127
 Cast: Foxfire           |    58 |   190 |    32 ||   280
 Abil: Breathe Lightning |       |       |     2 ||     2
  Use: Scroll            |       |     6 |     2 ||     8
       Potion            |       |       |     9 ||     9
 Stab: Sleeping          |     1 |       |     2 ||     3
Armor: Skin              |    15 |     7 |    78 ||   100
Dodge: Dodged            |    46 |    25 |   101 ||   172
Block: Other             |       |     7 |    35 ||    42
       Reflection        |       |       |     4 ||     4
